 Dungeon Crawl Stone Soup version 0.26.1-2-gb8aa6d0cf2 (webtiles) character file.

Game seed: 1881547278453704875

137 Revguard the Stinger (level 5, -3/41 HPs)
             Began as a Draconian Venom Mage on Feb 27, 2021.
             Slain by meliss's ghost (4 damage)
             ... on level 3 of the Dungeon.
             The game lasted 00:08:00 (2874 turns).

Revguard the Stinger (Draconian Venom Mage)         Turns: 2874, Time: 00:08:01

Health: -3/41      AC:  6    Str: 10    XL:     5   Next: 0%
Magic:  8/8        EV: 12    Int: 16    God:
Gold:   152        SH:  0    Dex: 12    Spells: 5/8 levels left

rFire    . . .     SeeInvis .   a - +1 spear (venom)
rCold    . . .     Faith    .   (no shield)
rNeg     . . .     Spirit   .   (armour unavailable)
rPois    .         Reflect  .   (helmet restricted)
rElec    .         Harm     .   (no cloak)
rCorr    .         Rampage  .   (no gloves)
Will     .....                  d - +0 pair of boots
Stlth    ++........             (no amulet)
HPRegen  0.13/turn              f - ring of flight
MPRegen  0.11/turn              (no ring)

@: no status effects
A: unfitting armour, cold-blooded, AC +5
a: Evoke Flight


You were on level 3 of the Dungeon.
You visited 1 branch of the dungeon, and saw 3 of its levels.

You collected 152 gold pieces.

Inventory:

Hand Weapons
 a - a +1 spear of venom (weapon)
Armour
 d - a +0 pair of boots (worn)
Jewellery
 f - a ring of flight (left hand)
Scrolls
 b - a scroll of remove curse
 e - a scroll of magic mapping
 g - a scroll of identify
 h - 2 scrolls of teleportation
Potions
 c - a potion of might
 i - a potion of ambrosia


   Skills:
 * Level 2.0 Fighting
 + Level 0.5 Polearms
 + Level 2.2 Dodging
 + Level 1.9 Stealth
 - Level 0.3 Unarmed Combat
 + Level 2.4 Spellcasting
 * Level 2.0 Transmutations
 + Level 0.5 Air Magic
 + Level 3.7 Poison Magic
 * Level 1.1 Evocations


You had 5 spell levels left.
You knew the following spells:

 Your Spells              Type           Power        Failure   Level
a - Sting                 Tmut/Pois      44%          6%          1
b - Poisonous Vapours     Pois/Air       16%          12%         2

Your spell library contained the following spells:

 Spells                   Type           Power        Failure   Level
 Ignite Poison            Fire/Tmut/Pois 8%           26%         3
 Mephitic Cloud           Conj/Pois/Air  6%           32%         3
 Olgreb's Toxic Radiance  Pois           13%          38%         4


Dungeon Overview and Level Annotations

Branches:
Dungeon (3/15)

Altars:
Makhleb
Xom

Annotations:
D:3 Quickbrownfox's ghost, amateur DsGl; meliss's ghost, amateur DsTm


Innate Abilities, Weirdness & Mutations

Your plain brown scales are hard. (AC +5)
You cannot fit into any form of body armour.
You are cold-blooded and may be slowed by cold attacks.


Message History

Meliss's ghost wails, "Very impressive.
But it won't help.
Nothing will."
Meliss's ghost hits you.
* * * LOW HITPOINT WARNING * * *
You hit meliss's ghost but do no damage.
Meliss's ghost is heavily damaged.
Meliss's ghost barely misses you.
You closely miss meliss's ghost.
Meliss's ghost is heavily damaged.
Meliss's ghost hits you but does no damage.
Quickbrownfox's ghost ripples.
You closely miss meliss's ghost.
Meliss's ghost is heavily damaged.
Meliss's ghost misses you.
You hit meliss's ghost but do no damage.
Meliss's ghost is heavily damaged.
Meliss's ghost hits you but does no damage.
You closely miss meliss's ghost.
Meliss's ghost is heavily damaged.
Meliss's ghost hits you.
You die...

.. .# ## ##
.#### #.. ..
.#.. # #.# #. #
.#.# .#####.# .
.# .#.##.....
!.. .## #.#
#.....# ###.#
#.###.# ##.##.#
#...#####....#
##.#
####.#..WW@..#.#
##.##
#.......#####..#
#...#####'''###
#.##
.....#P.......P#
##.#
.##.##⌠..W....⌠#
#..#
.....#P=......P#
#.##
#.#.##.........#
#.#
#.#.###8.....8##
#.# †...#
##?P⌠P)### #.#


You could see Quickbrownfox's ghost and meliss's ghost.

Vanquished Creatures
  A crimson imp (D:3)
  A hound skeleton (D:2)
  4 adders (D:2)
  An ooze (D:3)
  A dart slug (D:1)
  2 leopard geckos
  An orc (D:3)
  3 bats
  3 giant cockroaches
  7 goblins
  8 hobgoblins
  7 kobolds
  3 frilled lizards
  3 rats (D:1)
45 creatures vanquished.

Notes
Turn   | Place    | Note
-------+----------+-------------------------------------------
     0 | D:1      | Revguard the Draconian Venom Mage began the quest for the
                  | Orb.
     0 | D:1      | Reached XP level 1. HP: 14/14 MP: 3/3
   276 | D:1      | Reached XP level 2. HP: 22/22 MP: 0/5
   297 | D:1      | Learned a level 2 spell: Poisonous Vapours
   765 | D:1      | Reached skill level 1 in Fighting
  1036 | D:2      | Reached XP level 3. HP: 16/28 MP: 1/6
  1803 | D:2      | Reached XP level 4. HP: 35/35 MP: 5/7
  2664 | D:3      | Found a shimmering altar of Xom.
  2665 | D:3      | Found a burning altar of Makhleb.
  2670 | D:3      | Reached skill level 1 in Evocations
  2812 | D:3      | Reached XP level 5. HP: 41/41 MP: 8/8
  2836 | D:3      | Found a runed translucent gate.
  2837 | D:3      | Found a runed translucent gate.
  2837 | D:3      | Found a runed translucent gate.
  2838 | D:3      | Noticed Quickbrownfox's ghost (amateur DsGl)
  2839 | D:3      | Noticed meliss's ghost (amateur DsTm)
  2868 | D:3      | HP: 2/41 [meliss's ghost (2)]
  2874 | D:3      | Slain by meliss's ghost

Illustrated notes

Levels and vault maps discovered:
D:1:      dpeg_arrival_arbitrary_a, layout_basic, serial_glass, glass_columns_a,
          glass_columns_a
D:2:      layout_basic
D:3:      minmay_chambers_of_twos, layout_loops_cross,
          grunt_temple_overflow_champion_of_chaos, gammafunk_ghost_cemetery

Skill      XL: |  1  2  3  4 |
---------------+-------------+-----
Dodging        | 2 |  2.2
Fighting       | 1 2 |  2.0
Transmutations | 2 |  2.0
Evocations     | 1 |  1.1
Polearms       | |  0.5
Stealth        | |  1.9
Unarmed Combat | |  0.3
Spellcasting   | |  2.4
Air Magic      | |  0.5
Poison Magic   | |  3.7

Action                   |  1- 3 |  4- 6 || total
-------------------------+-------+-------++-------
Melee: Unarmed           |    49 |       ||    49
       Tailslap          |     7 |     6 ||    13
       Spear             |    20 |    70 ||    90
 Cast: Sting             |    22 |       ||    22
       Poisonous Vapours |     7 |       ||     7
  Use: Scroll            |     5 |     4 ||     9
       Potion            |     2 |       ||     2
 Stab: Sleeping          |       |     2 ||     2
Armor: Skin              |    22 |    25 ||    47
Dodge: Dodged            |    64 |    32 ||    96
